 Dungeon Sprint DCSS version 0.17-a0-1446-gc28613e (webtiles) character file.

24 pulse the Slasher (level 3, 0/29 HPs)
             Began as a Formicid Fighter on June 28, 2015.
             Was an Initiate of Qazlal.
             Slain by a porcupine (6 damage)
             ... in the Dungeon (Sprint V: "Ziggurat Sprint").
             The game lasted 00:01:36 (82 turns).

pulse the Slasher (Formicid Fighter)                  Turns: 82, Time: 00:01:36

Health: 0/29       AC:  6    Str: 21    XL:     3   Next: 15%
Magic:  3/3        EV:  7    Int:  7    God:    Qazlal [......]
Gold:   0          SH: 12    Dex: 10    Spells: 0 memorised, 2 levels left

rFire  . . .     SeeInvis +     N - +14 plutonium sword {*Contam Stlth-}
rCold  . . .     Clarity  .     b - +0 scale mail
rNeg   . . .     SustAt   .     n - +3 shield
rPois  .         Gourm    .     (helmet unavailable)
rElec  .         Spirit   .     (no cloak)
rCorr  .         Warding  .     (no gloves)
rMut   .         Stasis   +     (no boots)
MR     .....                    (no amulet)
Stlth  ..........               (no ring)
                                (no ring)

@: not resistant to hostile enchantments, extremely unstealthy
A: permanent stasis, dig shafts and tunnels, four strong arms, antennae 3
a: Dig, Renounce Religion


You were in the Dungeon.
You worshipped Qazlal.
Qazlal was noncommittal.
You were not hungry.

You visited 1 branch

Inventory:

Hand weapons
 a - a +0 long sword
 M - the cursed +9 Sword of Zonguldrok {reap, *Curse}
   (You found it in the Dungeon)

   If a monster killed with it leaves a corpse in good enough shape, the corpse
   will be animated as a zombie friendly to the killer.
   It may re-curse itself when equipped.
   It has a curse placed upon it.
 N - the +14 plutonium sword (weapon) {*Contam Stlth-}
   (You found it in the Dungeon)

   It causes magical contamination when unequipped.
   It makes you less stealthy.
Armour
 b - a +0 scale mail (worn)
 l - a +5 crystal plate armour
 m - a +3 large shield
 n - a +3 shield (worn)
Magical staves
 c - an uncursed staff of energy
Jewellery
 G - a +6 ring of dexterity
 H - a +6 ring of dexterity
 I - a +6 ring of intelligence
 J - a +6 ring of intelligence
 K - a +6 ring of strength
 L - a +6 ring of strength
 O - an uncursed ring of flight
Magical devices
 y - a wand of disintegration (7)
 D - a wand of fire (5)
 E - a wand of cold (5)
 F - a wand of draining (5)
Scrolls
 k - 4 scrolls of blinking
 q - 4 scrolls of amnesia
 r - 3 scrolls of recharging
 s - 7 scrolls of fog
 t - a scroll of holy word
 u - 5 scrolls of identify
 v - 5 scrolls of remove curse
 w - 2 scrolls of fear
Potions
 d - 6 potions of might
 f - 10 potions of curing
 g - 10 potions of heal wounds
 h - 6 potions of haste
 i - 7 potions of magic
 j - 3 potions of berserk rage
 x - 2 potions of brilliance
 z - 2 potions of invisibility
 A - 4 potions of resistance
 B - a potion of experience
 C - 5 potions of agility
Comestibles
 e - 5 bread rations
 o - 42 fruits
 p - 4 meat rations


   Skills:
 - Level 3.2 Fighting
 * Level 6.0 Long Blades
 - Level 3.2 Armour
 - Level 3.6 Shields


You had 2 spell levels left.
You didn't know any spells.

Dungeon Overview and Level Annotations

Branches:
Dungeon (1/1)

Altars:
Ashenzari
Cheibriados
Dithmenos
Elyvilon
Fedhas
Gozag
Kikubaaqudgha
Makhleb
Nemelex Xobeh
Okawaru
Qazlal
Ru
Sif Muna
Trog
Vehumet
Xom
Yredelemnul
Zin
The Shining One
Beogh
Jiyva
Lugonu


Innate Abilities, Weirdness & Mutations

You are under a permanent stasis effect.
You can dig through walls and to a lower floor.
Your four strong arms can wield two-handed weapons with a shield.
You have a pair of large antennae on your head (SInv).


Message History

The iguana hisses angrily.
Found an uncursed staff of summoning and a +0 hat of intelligence.
The iguana bites you.
The porcupine bites you but does no damage.
You slice the iguana!!
You kill the iguana!
Qazlal accepts your kill.
Your Long Blades skill gained 4 levels and is now at level 6!
You have reached level 2!
You have reached level 3!
Your experience leads to an increase in your attributes!
Increase (S)trength, (I)ntelligence, or (D)exterity?
You feel stronger.
The porcupine bites you but does no damage. x2
You are struck by the porcupine's spines.
* * * LOW HITPOINT WARNING * * *
You slash the porcupine!
The porcupine is almost dead.
You block the porcupine's attack. The porcupine bites you.
You die...

▓▓▓▓▓▓▓
▓.8©8.▓
{{
▓.....▓
▓.[.|.▓
▓.r...▓
▓..@..▓
▓.....▓
▓▓▓▓▓▓▓
{{{ { {


You could see a porcupine.

Vanquished Creatures
  An iguana (D)
1 creature vanquished.

Notes
Turn   | Place    | Note
--------------------------------------------------------------
     0 | D        | pulse the Formicid Fighter began the quest for the Orb.
     0 | D        | Reached XP level 1. HP: 18/18 MP: 1/1
     3 | D        | Found an iron altar of Okawaru.
     3 | D        | Found a radiant altar of Vehumet.
     3 | D        | Found a shimmering altar of Xom.
     3 | D        | Found a burning altar of Makhleb.
     7 | D        | Found a deep blue altar of Sif Muna.
     9 | D        | Found a corrupted altar of Lugonu.
     9 | D        | Found a white marble altar of Elyvilon.
     9 | D        | Found a roughly hewn altar of Beogh.
     9 | D        | Found a sparkling altar of Nemelex Xobeh.
     9 | D        | Found a viscous altar of Jiyva.
     9 | D        | Found a bloodstained altar of Trog.
    60 | D        | Became a worshipper of Qazlal Stormbringer
    79 | D        | Entered arena 1.
    79 | D        | Noticed a porcupine
    79 | D        | Noticed an iguana
    81 | D        | Killed an iguana
    81 | D        | Reached skill level 6 in Long Blades
    81 | D        | Reached XP level 2. HP: 16/24 MP: 2/2
    81 | D        | Reached XP level 3. HP: 19/29 MP: 3/3
    82 | D        | Slain by a porcupine

Vault maps used:
D:        sprint_v

Action                   || total
-------------------------++-------
Melee: Triple sword      ||     2
